Unix NetHack Version 5.0.0-0 post-release - last build Jun 10 2026 00:39:30 (3ee93aec679c4c4259841fe613dc97188e26a321,branch:main).

Game began 2026-06-10 17:39:40, ended 2026-06-10 18:26:02.

ARFwashere, lawful male dwarven Archeologist

                            ----      ----- --
                           --..|       ..|.--.       ----------------
                           |...|       ........    ---.h......@.......-
            ------         |...--       ... ...--  |....---B.q---------
        -----....-----    --....|        ... -..----..|.......-
       --.-|.-.|.[...|  ---.....--        .. --......-----.....
    ----...--..|----.|  |........----     -.--...-----   |..--.|
    |..........|   |.----.--.)--....|     |......---     |..| -.
    |.........------..)...|..------.|     |........|     --.-
   --..........|.......---|..|    |.----  |...^....|       .
 ---................----  ----    |....----..^....--       .
 |.........---.....-| ---         |..............--        (
 |.............|....---.--        --.--------....|         .
 --.|.......------.....<.--        |.......>..|..##       -.
  --|....----    --.......|        ----..-------..|       --
    --..--        |...)..--           |....-   |..-
     ----         |....---            |.....|  --..
                  --.---              --....|    --
                   ---                 ------

ARFwashere the Field Worker  St:14 Dx:9 Co:16 In:12 Wi:15 Ch:7  Lawful
Dlvl:5  $:1582 HP:0(38) Pw:11(11) AC:7  Xp:4 T:3432 

Latest messages:
 The newt bites!
 You descend the stairs.
 You descend the stairs.
 You see here a runed dagger.
 You see here an elven mithril-coat.
 You see here a runed dagger.
 You kill the gecko!
 You see here a gecko corpse.
 You see here a gecko corpse.
 There is a gecko corpse here; eat it? [ynq] (n) y
 This gecko corpse tastes okay.
 You finish eating the gecko corpse.
 You see here a thonged club.
 You hear some noises in the distance.
 You lash the manes.
 You miss the manes.
 You destroy the manes!
 You hear crashing rock.
 You hear some noises in the distance.
 You swap places with the peaceful dwarf.
 You hear some noises in the distance.
 The giant bat bites!
 The giant bat bites!
 The giant bat bites!
 The giant bat bites!
 You lash the giant bat.
 The giant bat bites!
 The giant bat just misses!
 You lash the giant bat.
 The giant bat bites!
 You lash the giant bat.
 The giant bat just misses!
 The giant bat bites!
 You miss the giant bat.
 The giant bat just misses!
 You lash the giant bat.
 The giant bat bites!
 The rothe hits!
 The rothe bites!
 The rothe bites again!
 The giant bat misses!
 The rothe misses!
 The rothe bites!
 The rothe bites again!
 You die...
 Do you want your possessions identified? [ynq] (y) y
 Do you want to see your attributes? [ynq] (y) y
 Do you want an account of creatures vanquished? [ynaq] (y) y
 Do you want to see your conduct and achievements? [ynq] (y) y
 Do you want to see the dungeon overview? [ynq] (y) n

Inventory:
 Coins    ('$')
  $ - 1582 gold pieces
 Weapons  (')')
  M - 2 +0 darts (at the ready)
  a - a +2 bullwhip (weapon in right hand)
 Armor    ('[')
  r - an uncursed +0 orcish helm (being worn)
  D - an uncursed +0 pair of iron shoes (being worn)
 Comestibles  ('%')
  T - an uncursed candy bar labeled "Moon Crunchy"
  d - 3 uncursed food rations
  m - a cursed tripe ration
 Scrolls  ('?')
  k - an uncursed scroll of charging
  B - an uncursed scroll of enchant armor
  h - an uncursed scroll of enchant weapon
  v - an uncursed scroll of identify
  w - 2 uncursed scrolls of teleportation
 Potions  ('!')
  I - an uncursed potion of water
 Rings    ('=')
  G - an uncursed ring of shock resistance
 Wands    ('/')
  O - a wand of death (0:5)
 Tools    ('(')
  i - an empty uncursed sack
  e - a +0 pick-axe
  f - a tinning kit (0:53)
 Gems/Stones  ('*')
  U - an uncursed amethyst stone
  Q - an uncursed dilithium crystal
  g - an uncursed touchstone

ARFwashere the Archeologist's attributes:

Background:
 You were a Field Worker, a level 4 male dwarven Archeologist.
 You were lawful, on a mission for Quetzalcoatl
 who was opposed by Camaxtli (neutral) and Huhetotl (chaotic).
 You were right-handed.
 You were in the Gnomish Mines, on level 5.
 You entered the dungeon 3432 turns ago.
 You had 105 experience points, 55 more were needed to attain level 5.

Basics:
 You had 0 out of 38 hit points.
 You had all 11 energy points (spell power).
 Your armor class was 7.
 Your wallet contained 1582 zorkmids.
 Autopickup was on for '$' plus thrown.

Final Characteristics:
 Your strength was 14 (limit:18/100).
 Your dexterity was 9 (limit:20).
 Your constitution was 16 (peak:19, limit:20).
 Your intelligence was 12 (limit:16).
 Your wisdom was 15 (limit:16).
 Your charisma was 7 (limit:16).

Final Status:
 You weren't hungry.
 You were unencumbered.
 You were wielding a whip.
 You had basic skill with whip.

Final Attributes:
 You were piously aligned.
 You had automatic searching.
 You had infravision.
 You are dead.

Miscellaneous:
 You encountered 2 bones levels.
 Total elapsed playing time was 46 minutes and 21 seconds.

Major events:
 Turn
    1: ARFwashere the lawful male dwarven Archeologist entered the dungeon
 1052: attained the rank of Field Worker (level 3)
 2015: entered the Gnomish Mines
 2982: reached Mine Town
 3432: killed by a rothe

You didn't know any spells.

Skills:
 Fighting Skills
   bare handed combat [Unskilled]
   two weapon combat  [Unskilled]
   riding             [Unskilled]
 Weapon Skills
   dagger             [Unskilled]
   knife              [Unskilled]
   pick-axe           [Basic]
   short sword        [Unskilled]
   saber              [Unskilled]
   club               [Unskilled]
   quarterstaff       [Unskilled]
   sling              [Unskilled]
   dart               [Unskilled]
   boomerang          [Unskilled]
   whip               [Basic]
   unicorn horn       [Unskilled]
 Spellcasting Skills
   attack spells      [Unskilled]
   healing spells     [Unskilled]
   divination spells  [Unskilled]
   matter spells      [Unskilled]

Voluntary challenges:
 Character rerolling was not enabled.
 You never genocided any monsters.
 You never polymorphed an object.
 You used no wishes.
Achievements:
 You attained the rank of Field Worker.
 You entered a shop.
 You entered the Gnomish Mines.
 You entered Minetown.

 The Dungeons of Doom: levels 1 to 6
    Level 1:
       A fountain.
    Level 2:
       A fountain, a sink.
    Level 3:
       A food shop.
    Level 4:
       Stairs down to The Gnomish Mines.
    Level 5:
       Some fountains.
    Level 6:
 The Gnomish Mines: levels 5 to 7
    Level 5: <- You were here.
       A grave.
       Final resting place for
          you, killed by a rothe,
          nethacknoob-Val-Dwa-Fem-Law, killed by a goblin, while frozen by a floating eye's gaze.
    Level 6:
       A grave.
       Final resting place for
          poiuztrewq-Arc-Hum-Fem-Neu, killed by a dwarf.
    Level 7:


Vanquished creatures:
  a watchman
  2 gnome leaders
  2 dwarves
  2 giant bats
  a monkey
 an acid blob
  2 hobbits
  a manes
  2 large kobolds
  3 cave spiders
  a yellow mold
  3 gnomes
  5 geckos
  a jackal
  4 goblins
  a sewer rat
  a grid bug
  a bat
  6 lichens
  a kobold zombie
  2 newts
43 creatures vanquished.

No species were genocided or became extinct.

Game over:
                       ----------
                      /          \
                     /    REST    \
                    /      IN      \
                   /     PEACE      \
                  /                  \
                  |    ARFwashere    |
                  |     1582 Au      |
                  |   killed by a    |
                  |      rothe       |
                  |                  |
                  |                  |
                  |       2026       |
                 *|     *  *  *      | *
        _________)/\\_//(\/(/\)/\//\/|_)_______

Goodbye ARFwashere the Archeologist...

You died in The Gnomish Mines on dungeon level 5 with 2164 points,
and 1582 pieces of gold, after 3432 moves.
You were level 4 with a maximum of 38 hit points when you died.

